 Dungeon Sprint DCSS version 0.19.5 (webtiles) character file.

715 Mesmaeker13 the Fighter (level 7, -9/91 HPs)
             Began as an Ogre Hunter on May 4, 2017.
             Was an Initiate of Trog.
             Mangled by an orange demon (14 damage)
             ... summoned by a kobold demonologist
             ... in the Dungeon (Sprint I: "Red Sonja").
             The game lasted 00:01:33 (664 turns).

Mesmaeker13 the Fighter (Ogre Hunter)                Turns: 664, Time: 00:01:33

Health: -9/91      AC:  3    Str: 20    XL:     7   Next: 69%
Magic:  7/7        EV: 12    Int: 10    God:    Trog [......]
Gold:   409        SH:  0    Dex: 10    Spells: 0 memorised, 6 levels left

rFire  . . .     SeeInvis .     l - +0 giant club
rCold  . . .     Gourm    .     b - +0 robe
rNeg   . . .     Faith    .     (shield currently unavailable)
rPois  .         Spirit   .     (helmet restricted)
rElec  .         Reflect  .     (no cloak)
rCorr  .         Harm     .     (gloves unavailable)
MR     .....     NoTele   +     (boots unavailable)
Stlth  +.........               (no amulet)
                                (no ring)
                                (no ring)

@: lethally poisoned (-9 -> -17), heavily drained
A: unfitting armour, tough skin 1
a: Burn Spellbooks, Renounce Religion


You were in the Dungeon.
You worshipped Trog.
Trog was noncommittal.
You were not hungry.

You visited 1 branch You collected 409 gold pieces.

Inventory:

Hand Weapons
 l - a +0 giant club (weapon)
Missiles
 c - 3 large rocks (quivered)
 d - 2 throwing nets
Armour
 b - a +0 robe (worn)
Scrolls
 k - a scroll of blinking
Potions
 e - a potion of curing
 h - a potion of haste
 i - 2 potions of magic
 j - a potion of berserk rage
Comestibles
 f - a bread ration


   Skills:
 + Level 12.2(9.6) Fighting
 + Level 10.0(7.5) Maces & Flails
 - Level 6.6(4.4) Throwing
 + Level 8.9(6.5) Dodging
 - Level 0.6(0.0) Stealth


You had 6 spell levels left.
You didn't know any spells.

Dungeon Overview and Level Annotations

Branches:
Dungeon (1/1)

Altars:
Cheibriados
Dithmenos
Elyvilon
Fedhas
Gozag
Hepliaklqana
Kikubaaqudgha
Makhleb
Nemelex Xobeh
Okawaru
Qazlal
Ru
Sif Muna
Trog
Uskayaw
Vehumet
Xom
Yredelemnul
Zin
The Shining One
Jiyva
Lugonu

Shops:
D }


Innate Abilities, Weirdness & Mutations

You are too large for most types of armour.
You have tough skin. (AC +1)


Message History

You sock the kobold demonologist!
The kobold demonologist is moderately wounded.
An arrow misses the ufetubus!
The kobold demonologist hits you with a dagger of draining.
You feel drained. The red devil closely misses you.
The orange demon stings you.
You are poisoned.
The orange demon poisons you! The orange demon hits you.
Unknown command.
Press < or > to pray at altars.
You barely miss the kobold demonologist.
The kobold demonologist is moderately wounded.
You feel sick. The ufetubus misses you. The ufetubus hits you.
* * * LOW HITPOINT WARNING * * *
The kobold demonologist hits you but does no damage.
You feel drained. The ufetubus closely misses you. x2
The red devil hits you from afar with a demon trident of electrocution!!
* * * LOW HITPOINT WARNING * * *
The orange demon stings you!
You die...

#########################
<.#..').#.)'..#_@#35'5K5#
..)..#..'..#..'54K55#...#
..#####'#####'#4_####.5.+
..####..#...#)#### ####
..#__####..##.#
..#_____##'#..+
⌠⌠#_.∩...'..._#
###_..__##_.#+#
#_____###+#


You could see an orange demon, a kobold demonologist, a red devil, a quasit and
2 ufetubi.

Vanquished Creatures
  A slime creature (D)
  Sigmund (D)
  A yak (D)
  A floating eye (D)
  An ogre (D)
  A jelly (D)
  Ijyb (D)
7 creatures vanquished.

Vanquished Creatures (others)
  A hornet (D)
1 creature vanquished.

Grand Total: 8 creatures vanquished

Notes
Turn   | Place    | Note
-------+----------+-------------------------------------------
     0 | D        | Mesmaeker13 the Ogre Hunter began the quest for the Orb.
     0 | D        | Reached XP level 1. HP: 22/22 MP: 1/1
     1 | D        | Noticed Ijyb
     6 | D        | Killed Ijyb
     6 | D        | Reached skill level 5 in Fighting
     6 | D        | Reached skill level 5 in Throwing
     6 | D        | Reached XP level 2. HP: 28/35 MP: 2/2
     6 | D        | Reached XP level 3. HP: 33/42 MP: 3/3
    65 | D        | Noticed an ogre
    68 | D        | Killed an ogre
    68 | D        | Reached skill level 7 in Fighting
    68 | D        | Reached skill level 5 in Dodging
    68 | D        | Reached XP level 4. HP: 55/55 MP: 4/4
    90 | D        | Noticed Sigmund
   102 | D        | Killed Sigmund
   102 | D        | Reached skill level 9 in Fighting
   102 | D        | Reached XP level 5. HP: 7/68 MP: 5/5
   102 | D        | Reached XP level 6. HP: 8/78 MP: 6/6
   416 | D        | Found a deep blue altar of Sif Muna.
   418 | D        | Found a radiant altar of Vehumet.
   422 | D        | Reached skill level 10 in Fighting
   445 | D        | Found Sobbygum's Gadget Emporium.
   445 | D        | Found an ancient bone altar of Kikubaaqudgha.
   445 | D        | Found a hazy altar of Hepliaklqana.
   445 | D        | Found a stormy altar of Qazlal.
   445 | D        | Found a hide-covered altar of Uskayaw.
   445 | D        | Found a blossoming altar of Fedhas.
   445 | D        | Found a bloodstained altar of Trog.
   445 | D        | Found an iron altar of Okawaru.
   445 | D        | Found a basalt altar of Yredelemnul.
   445 | D        | Found a glowing golden altar of the Shining One.
   445 | D        | Found a snail-covered altar of Cheibriados.
   445 | D        | Found a sacrificial altar of Ru.
   445 | D        | Found a glowing silver altar of Zin.
   445 | D        | Found a shadowy altar of Dithmenos.
   445 | D        | Found a white marble altar of Elyvilon.
   445 | D        | Noticed a yak
   446 | D        | Found an opulent altar of Gozag.
   448 | D        | Killed a yak
   448 | D        | Reached skill level 11 in Fighting
   448 | D        | Reached XP level 7. HP: 64/88 MP: 7/7
   449 | D        | Found a sparkling altar of Nemelex Xobeh.
   454 | D        | Became a worshipper of Trog the Wrathful
   555 | D        | Found a burning altar of Makhleb.
   555 | D        | Found a viscous altar of Jiyva.
   555 | D        | Found a shimmering altar of Xom.
   555 | D        | Found a corrupted altar of Lugonu.
   555 | D        | Noticed a slime creature
   559 | D        | Killed a slime creature
   621 | D        | Killed a hornet
   642 | D        | Noticed a kobold demonologist
   643 | D        | Noticed a kobold demonologist
   647 | D        | Paralysed by a floating eye for 2 turns
   650 | D        | Paralysed by a floating eye for 4 turns
   654 | D        | Reached skill level 12 in Fighting
   654 | D        | Reached skill level 10 in Maces & Flails
   655 | D        | Noticed a ynoxinul
   659 | D        | Noticed a red devil
   663 | D        | Noticed an orange demon
   664 | D        | Mangled by an orange demon

Skill      XL: |  1  2  3  4  5  6  7 |
---------------+----------------------+-----
Fighting       | 5 7 9 11 12 | 12.2
Throwing       | 5 6 |  6.6
Dodging        | 3 5 6 7 8 |  8.9
Maces & Flails | 6 8 10 | 10.0
Stealth        | |  0.6

Action                   |  1- 3 |  4- 6 |  7- 9 || total
-------------------------+-------+-------+-------++-------
Melee: Giant club        |       |    12 |    14 ||    26
Throw: Large rock        |     8 |       |     2 ||    10
  Use: Potion            |       |     1 |       ||     1
 Stab: Sleeping          |       |     2 |       ||     2
Armor: Robe              |     1 |       |     1 ||     2
Dodge: Dodged            |     5 |     2 |     7 ||    14
